[Event "Speed Chess Championship 2020"]
[Site "Online"]
[Date "2020.11.12"]
[Round "1.1"]
[White "Martirosyan, Haik M."]
[Black "Nakamura, Hikaru"]
[Result "0-1"]
[ECO "A41"]
[WhiteElo "2622"]
[BlackElo "2736"]
[Annotator "ChessBase"]
[PlyCount "118"]
[EventDate "2020.10.31"]
[EventType "k.o."]
[SourceTitle "playchess.com"]
[Source "ChessBase"]
[SourceQuality "1"]
[TimeControl "60+1"]

1. d4 g6 2. Nf3 Bg7 3. g3 d6 4. Bg2 Bd7 5. O-O Qc8 6. e4 Nc6 7. d5 Ne5 8. Nxe5 Bxe5 9. Nd2 Bh3 10. Nf3 h5 11. Bxh3 Qxh3 12. Ng5 Qd7 13. h4 Nh6 14. Kg2 c6 15. c4 Rc8 16. Qb3 O-O 17. Bd2 Bg7 18. Rac1 Ng4 19. Bc3 Bf6 20. Nf3 cxd5 21. exd5 Qf5 22. Rfe1 Rc7 23. Bxf6 Qxf6 24. Qc3 Rfc8 25. Re4 b5 26. b3 Qf5 27. Qe1 bxc4 28. Rcxc4 Rxc4 29. bxc4 Nf6 30. Rxe7 Rxc4 31. Rxa7 Qxd5 32. Qe7 Kg7 33. Ra3 Rc2 34. Kg1 Rc1+ 35. Kg2 Rc2 36. Kg1 Ng4 37. Qe1 Qc5 38. Ra5 Qxf2+ 39. Qxf2 Rxf2 40. Ng5 Rf6 41. Ra7 Ne3 42. a4 d5 43. a5 d4 44. Rd7 Nf5 45. Kg2 Kg8 46. a6 Rxa6 47. Nxf7 Ra3 48. Ne5 Rxg3+ 49. Kf2 g5 50. hxg5 h4 51. Nf3 h3 52. Rd5 Rg2+ 53. Ke1 Ne3 54. Rd8+ Kf7 55. Rd6 h2 56. Rh6 Rg1+ 57. Kf2 h1=Q 58. Ne5+ Kg7 59. Rxh1 Rxh1 0-1

[Event "Speed Chess Championship 2020"]
[Site "Online"]
[Date "2020.11.08"]
[Round "1.6"]
[White "Abdusattorov, Nodirbek"]
[Black "So, Wesley"]
[Result "1-0"]
[ECO "C48"]
[WhiteElo "2662"]
[BlackElo "2816"]
[Annotator "ChessBase"]
[PlyCount "89"]
[EventDate "2020.10.31"]
[EventType "k.o."]
[SourceTitle "playchess.com"]
[Source "ChessBase"]
[SourceQuality "1"]
[TimeControl "300+1"]

1. e4 e5 2. Nf3 Nc6 3. Nc3 Nf6 4. Bb5 Nd4 5. O-O c6 6. Bd3 Nxf3+ 7. Qxf3 d6 8. Be2 Bg4 9. Qe3 Qb6 10. d3 Qxe3 11. Bxe3 Bxe2 12. Nxe2 d5 13. f3 Bd6 14. a4 a5 15. c3 dxe4 16. dxe4 Nd7 17. Kf2 Bc5 18. Rfd1 O-O-O 19. Nc1 Bxe3+ 20. Kxe3 Nc5 21. Rxd8+ Rxd8 22. b4 axb4 23. cxb4 Ne6 24. Nd3 f6 25. h4 Kc7 26. a5 Rd4 27. Rc1 Rd8 28. g3 h5 29. f4 exf4+ 30. gxf4 f5 31. exf5 Nd4 32. Rc5 b6 33. Re5 Nc2+ 34. Ke2 Nd4+ 35. Kf2 bxa5 36. bxa5 Nxf5 37. Rxf5 Rxd3 38. Rf7+ Kd6 39. Rxg7 Ra3 40. Rg5 c5 41. a6 c4 42. Rxh5 Kc6 43. Rg5 Kb6 44. f5 Rxa6 45. Rg6+ 1-0

[Event "Speed Chess Championship 2020"]
[Site "Online"]
[Date "2020.11.08"]
[Round "1.8"]
[White "Abdusattorov, Nodirbek"]
[Black "So, Wesley"]
[Result "1-0"]
[ECO "B22"]
[WhiteElo "2662"]
[BlackElo "2816"]
[Annotator "ChessBase"]
[PlyCount "67"]
[EventDate "2020.10.31"]
[EventType "k.o."]
[SourceTitle "playchess.com"]
[Source "ChessBase"]
[SourceQuality "1"]
[TimeControl "300+1"]

1. e4 c5 2. c3 Nf6 3. e5 Nd5 4. Nf3 d6 5. d4 cxd4 6. cxd4 Nc6 7. Bc4 Nb6 8. Bb5 dxe5 9. Nxe5 Bd7 10. Nxd7 Qxd7 11. O-O e6 12. Nc3 a6 13. Bxc6 Qxc6 14. Re1 Bb4 15. Qg4 Bxc3 16. bxc3 Kf8 17. Bf4 h5 18. Qg3 h4 19. Qg4 Nd5 20. Be5 f6 21. c4 Ne7 22. Bxf6 gxf6 23. d5 exd5 24. Re6 Qxc4 25. Rxf6+ Ke8 26. Qg7 Kd7 27. Re1 Rae8 28. Rfe6 Qc5 29. Qg4 Kd8 30. Qf4 Nc6 31. Qf6+ Kd7 32. Qg7+ Re7 33. Rxe7+ Nxe7 34. Qxh8 1-0

[Event "Speed Chess Championship 2020"]
[Site "Online"]
[Date "2020.11.15"]
[Round "1.9"]
[White "Duda, Jan-Krzysztof"]
[Black "Caruana, Fabiano"]
[Result "1-0"]
[ECO "C11"]
[WhiteElo "2743"]
[BlackElo "2823"]
[Annotator "ChessBase"]
[PlyCount "65"]
[EventDate "2020.10.31"]
[EventType "k.o."]
[EventCountry "NET"]
[SourceTitle "playchess.com"]
[Source "ChessBase"]
[SourceQuality "1"]
[TimeControl "300+1"]

1. e4 e6 2. d4 d5 3. Nc3 Nf6 4. e5 Nfd7 5. Nce2 c5 6. c3 Nc6 7. f4 a5 8. Nf3 a4 9. Be3 Be7 10. Qd2 O-O 11. h4 b5 12. dxc5 Nxc5 13. Bxc5 Bxc5 14. Ned4 Nxd4 15. cxd4 Be7 16. Kf2 b4 17. Rc1 Qb6 18. g4 Bd7 19. Kg3 Rfc8 20. Bd3 b3 21. a3 Rxc1 22. Rxc1 Rc8 23. Re1 Bb5 24. Bb1 Qc7 25. h5 Bd8 26. Kf2 Qa5 27. Qe3 Qa7 28. Rg1 Bb6 29. f5 Rc4 30. Rd1 exf5 31. gxf5 Rc6 32. f6 Qd7 33. Qg5 1-0

[Event "Speed Chess Championship 2020"]
[Site "Online"]
[Date "2020.11.16"]
[Round "1.9"]
[White "Artemiev, Vladislav"]
[Black "Giri, Anish"]
[Result "1/2-1/2"]
[ECO "A28"]
[WhiteElo "2708"]
[BlackElo "2764"]
[Annotator "ChessBase"]
[PlyCount "118"]
[EventDate "2020.10.31"]
[EventType "k.o."]
[EventCountry "NET"]
[SourceTitle "playchess.com"]
[Source "ChessBase"]
[SourceQuality "1"]
[TimeControl "300+1"]

1. c4 e5 2. Nc3 Nf6 3. Nf3 Nc6 4. d3 d5 5. cxd5 Nxd5 6. e3 g6 7. Bd2 Bg7 8. a3 a5 9. Be2 O-O 10. O-O Nxc3 11. Bxc3 Be6 12. Rc1 a4 13. Nd2 Na5 14. Bb4 Re8 15. Qc2 c6 16. Bd1 Nb3 17. Nxb3 Bxb3 18. Qe2 Bd5 19. Qd2 Qd7 20. Re1 b6 21. e4 Be6 22. Bc3 c5 23. Qe3 Qd6 24. h3 h5 25. g4 hxg4 26. Bxg4 Bf6 27. Kg2 Kg7 28. Rh1 Rh8 29. Rcf1 Rh4 30. Qg3 Rah8 31. f4 Qd7 32. f5 gxf5 33. Bxf5+ Kf8 34. Bxe6 Qxe6 35. Rxf6 Qxf6 36. Bxe5 Qh6 37. Bxh8 Qd2+ 38. Qf2 Qg5+ 39. Kh2 Rxh8 40. Rf1 Qe5+ 41. Qf4 Qxf4+ 42. Rxf4 Ke7 43. Kg3 Ke6 44. h4 b5 45. Rf5 Rd8 46. Rxc5 Rxd3+ 47. Kg4 Rb3 48. Rc2 b4 49. axb4 Rxb4 50. Kf3 f5 51. exf5+ Kxf5 52. h5 Kg5 53. Rh2 Kh6 54. Ke3 a3 55. bxa3 Rb3+ 56. Kd4 Rxa3 57. Ke4 Ra5 58. Kf4 Rxh5 59. Rxh5+ Kxh5 1/2-1/2

[Event "Speed Chess Championship 2020"]
[Site "Online"]
[Date "2020.11.08"]
[Round "1.10"]
[White "Abdusattorov, Nodirbek"]
[Black "So, Wesley"]
[Result "1/2-1/2"]
[ECO "B90"]
[WhiteElo "2662"]
[BlackElo "2816"]
[Annotator "ChessBase"]
[PlyCount "48"]
[EventDate "2020.10.31"]
[EventType "k.o."]
[SourceTitle "playchess.com"]
[Source "ChessBase"]
[SourceQuality "1"]
[TimeControl "300+1"]

1. e4 c5 2. Nf3 d6 3. d4 cxd4 4. Nxd4 Nf6 5. Nc3 a6 6. Be3 e5 7. Nb3 Be6 8. Qd2 Nbd7 9. O-O-O b5 10. f3 h5 11. g3 Rc8 12. Kb1 Be7 13. Nd5 Bxd5 14. exd5 Nb6 15. Bxb6 Qxb6 16. Bh3 Rb8 17. Rhe1 O-O 18. f4 Rfe8 19. fxe5 dxe5 20. d6 Red8 21. d7 e4 22. Qe2 g6 23. Nd2 Nxd7 24. Nxe4 Nf6 1/2-1/2

[Event "Speed Chess Championship 2020"]
[Site "Online"]
[Date "2020.11.08"]
[Round "1.11"]
[White "So, Wesley"]
[Black "Abdusattorov, Nodirbek"]
[Result "1-0"]
[ECO "D11"]
[WhiteElo "2816"]
[BlackElo "2662"]
[Annotator "RC"]
[PlyCount "95"]
[EventDate "2020.10.31"]
[EventType "k.o."]
[SourceTitle "playchess.com"]
[Source "ChessBase"]
[SourceQuality "1"]
[TimeControl "180+1"]

1. Nf3 d5 2. e3 Nf6 3. c4 c6 4. Nc3 Bg4 5. d4 Bxf3 6. Qxf3 e6 7. a3 Nbd7 8. g4 dxc4 9. Bxc4 Nd5 10. e4 N5b6 11. Ba2 c5 12. d5 c4 13. dxe6 fxe6 14. O-O Bc5 15. Be3 Qf6 16. Qe2 Bxe3 17. fxe3 Qg5 18. Bxc4 Nxc4 19. Qxc4 Ke7 20. Rf4 Qc5 21. Qd4 Qxd4 22. exd4 Rhf8 23. Raf1 Rxf4 24. Rxf4 Rc8 25. e5 Nb6 26. Rf3 Rd8 27. Nb5 Nc8 28. Rc3 a6 29. Rc7+ Kf8 30. Nc3 Ne7 31. Rxb7 Rxd4 32. h3 Ng6 33. Rb6 Ke7 34. Kf2 Nxe5 35. Ke3 Rd6 36. Rb7+ Rd7 37. Rxd7+ Kxd7 38. Kd4 Nf3+ 39. Kc5 Ng5 40. Kb6 Nxh3 41. Kxa6 Nf2 42. Kb7 Nxg4 43. a4 h5 44. a5 h4 45. a6 h3 46. Ne2 h2 47. Ng3 Ne5 48. a7 1-0

[Event "Speed Chess Championship 2020"]
[Site "Online"]
[Date "2020.11.11"]
[Round "1.11"]
[White "Nepomniachtchi, Ian"]
[Black "Aronian, Levon"]
[Result "1/2-1/2"]
[ECO "C65"]
[WhiteElo "2784"]
[BlackElo "2781"]
[Annotator "ChessBase"]
[PlyCount "63"]
[EventDate "2020.10.31"]
[EventType "k.o."]
[SourceTitle "playchess.com"]
[Source "ChessBase"]
[SourceQuality "1"]
[TimeControl "180+1"]

1. e4 e5 2. Nf3 Nc6 3. Bb5 Nf6 4. d3 Bc5 5. c3 O-O 6. O-O d6 7. Bd2 Ne7 8. d4 Bb6 9. Re1 Ng6 10. h3 c6 11. Bd3 Re8 12. Na3 d5 13. Bg5 dxe4 14. Bxe4 exd4 15. Bxf6 Qxf6 16. Bxg6 Rxe1+ 17. Qxe1 fxg6 18. Nxd4 Bd7 19. Nc4 Re8 20. Qd2 Bc7 21. Nb5 cxb5 22. Qxd7 Qc6 23. Qxc6 bxc6 24. Ne3 Bb6 25. Re1 Rd8 26. Kf1 Rd2 27. Re2 Bxe3 28. fxe3 Rd1+ 29. Re1 Rd2 30. Re2 Rd1+ 31. Re1 Rd2 32. Re2 1/2-1/2

[Event "Speed Chess Championship 2020"]
[Site "Online"]
[Date "2020.11.15"]
[Round "1.12"]
[White "Caruana, Fabiano"]
[Black "Duda, Jan-Krzysztof"]
[Result "1-0"]
[ECO "B90"]
[WhiteElo "2823"]
[BlackElo "2743"]
[Annotator "ChessBase"]
[PlyCount "109"]
[EventDate "2020.10.31"]
[EventType "k.o."]
[EventCountry "NET"]
[SourceTitle "playchess.com"]
[Source "ChessBase"]
[SourceQuality "1"]
[TimeControl "180+1"]

1. e4 c5 2. Nf3 d6 3. d4 cxd4 4. Nxd4 Nf6 5. Nc3 a6 6. h4 e5 7. Nb3 Be6 8. f4 exf4 9. Bxf4 Nc6 10. Qd2 d5 11. O-O-O Bb4 12. Bg5 Nxe4 13. Qe3 Nxg5 14. Nxd5 Bd6 15. hxg5 Ne7 16. Bc4 Nf5 17. Qd2 Ng3 18. Rh4 b5 19. Bd3 Bxd5 20. Rd4 Qc7 21. Qe1+ Qe7 22. Rxd5 Bf4+ 23. Kb1 Qxe1 24. Rxe1+ Kf8 25. Nc5 g6 26. Rd4 Bxg5 27. Rg4 Bd8 28. Rxg3 Bh4 29. Ree3 Bxg3 30. Rxg3 Kg7 31. b4 Rhe8 32. Kb2 h5 33. a4 bxa4 34. Bxa6 Re5 35. Bc4 h4 36. Rf3 a3+ 37. Rxa3 Rxa3 38. Kxa3 Rg5 39. Bf1 Rf5 40. Bd3 Rf2 41. b5 Rxg2 42. b6 h3 43. Be4 Rd2 44. b7 Rd8 45. Nd7 f5 46. Bd5 g5 47. b8=Q Rxb8 48. Nxb8 g4 49. Nc6 Kf6 50. c4 g3 51. Nd4 g2 52. Ne2 f4 53. c5 Ke5 54. Bf3 Ke6 55. c6 1-0

[Event "Speed Chess Championship 2020"]
[Site "Online"]
[Date "2020.11.08"]
[Round "1.13"]
[White "So, Wesley"]
[Black "Abdusattorov, Nodirbek"]
[Result "1-0"]
[ECO "B15"]
[WhiteElo "2816"]
[BlackElo "2662"]
[Annotator "ChessBase"]
[PlyCount "81"]
[EventDate "2020.10.31"]
[EventType "k.o."]
[SourceTitle "playchess.com"]
[Source "ChessBase"]
[SourceQuality "1"]
[TimeControl "180+1"]

1. e4 c6 2. d4 d5 3. f3 g6 4. Nc3 Bg7 5. e5 c5 6. f4 cxd4 7. Qxd4 Be6 8. Nf3 Nh6 9. Bb5+ Kf8 10. O-O a6 11. Bd3 Nc6 12. Qf2 Ng4 13. Qe1 h5 14. Ng5 Qd7 15. Na4 b5 16. Nc5 Qa7 17. Ngxe6+ fxe6 18. b4 Kf7 19. Kh1 a5 20. c3 Rac8 21. Bd2 axb4 22. cxb4 Nd4 23. a4 Rxc5 24. axb5 Qc7 25. bxc5 Qxc5 26. Bb4 Qb6 27. Ra6 Qb7 28. Bc5 Nf5 29. Bxf5 gxf5 30. Ra7 Qxb5 31. Rxe7+ Kg8 32. Bg1 Rh6 33. h3 Bf8 34. Rc7 Rg6 35. hxg4 hxg4 36. Bh2 g3 37. Bxg3 Bb4 38. Qf2 Ba5 39. Rc5 Qa6 40. Bh2 Bb6 41. Rc6 1-0

[Event "Speed Chess Championship 2020"]
[Site "Online"]
[Date "2020.11.11"]
[Round "1.13"]
[White "Nepomniachtchi, Ian"]
[Black "Aronian, Levon"]
[Result "1/2-1/2"]
[ECO "A48"]
[WhiteElo "2784"]
[BlackElo "2781"]
[Annotator "ChessBase"]
[PlyCount "116"]
[EventDate "2020.10.31"]
[EventType "k.o."]
[SourceTitle "playchess.com"]
[Source "ChessBase"]
[SourceQuality "1"]
[TimeControl "180+1"]

1. e3 g6 2. Nf3 Bg7 3. d4 Nf6 4. Nbd2 O-O 5. b4 d6 6. Bb2 c5 7. a3 cxd4 8. exd4 d5 9. Bd3 Bg4 10. O-O Nbd7 11. Re1 Rc8 12. h3 Bxf3 13. Qxf3 e6 14. a4 a5 15. b5 Nb6 16. Nb3 Nc4 17. Bc1 Nd7 18. c3 b6 19. Ra2 Bf6 20. Bh6 Re8 21. Rae2 Bg5 22. Bxg5 Qxg5 23. g3 Qf6 24. Qxf6 Nxf6 25. Rc1 Rc7 26. Kf1 Rec8 27. Ke1 Nd6 28. Rec2 Nfe4 29. Nd2 Rxc3 30. Nxe4 Rxc2 31. Rxc2 dxe4 32. Rxc8+ Nxc8 33. Bxe4 Nd6 34. Bd3 g5 35. Kd2 h6 36. Ke3 f6 37. f4 Kf7 38. Kf3 f5 39. fxg5 hxg5 40. h4 Kf6 41. hxg5+ Kxg5 42. Bc2 Kf6 43. Kf4 Ne8 44. g4 fxg4 45. Bd1 Nc7 46. Bxg4 Nd5+ 47. Ke4 Nc3+ 48. Kd3 Nd5 49. Ke4 Nc3+ 50. Kd3 Nd5 51. Bf3 Ke7 52. Bxd5 exd5 53. Ke3 Ke6 54. Kf4 Kf6 55. Kg4 Kg6 56. Kf4 Kf6 57. Kg4 Kg6 58. Kf4 Kf6 1/2-1/2

[Event "Speed Chess Championship 2020"]
[Site "Online"]
[Date "2020.11.04"]
[Round "1.13"]
[White "Firouzja, Alireza"]
[Black "Fedoseev, Vladimir"]
[Result "1-0"]
[ECO "D77"]
[WhiteElo "2749"]
[BlackElo "2676"]
[Annotator "ChessBase"]
[PlyCount "101"]
[EventDate "2020.10.31"]
[EventType "k.o."]
[SourceTitle "playchess.com"]
[Source "ChessBase"]
[SourceQuality "1"]
[TimeControl "180+1"]

1. Nf3 Nf6 2. g3 g6 3. Bg2 Bg7 4. O-O O-O 5. d4 d5 6. c4 dxc4 7. Na3 Nc6 8. Nxc4 Nd5 9. e3 Nb6 10. b3 Nxc4 11. bxc4 e5 12. Ba3 Re8 13. d5 Na5 14. Rc1 b6 15. Nd2 Bd7 16. Nb3 Nxb3 17. Qxb3 e4 18. Rfd1 Bg4 19. Rd2 c5 20. Bb2 Qd6 21. a4 Rab8 22. Bxg7 Kxg7 23. a5 Bd7 24. axb6 axb6 25. Bf1 Ra8 26. Rb2 Reb8 27. Rcb1 Qf6 28. Qc2 Ra3 29. h4 Bg4 30. Bg2 Rc3 31. Qa4 Bf3 32. Qa7 Rc1+ 33. Rxc1 Qxb2 34. Rf1 Qe5 35. Bxf3 exf3 36. Rd1 Qd6 37. e4 Re8 38. Re1 Qf6 39. Qa3 Qd4 40. Qxf3 Qxc4 41. e5 Qd4 42. Qf6+ Kg8 43. h5 Qd2 44. Re3 Qd1+ 45. Kh2 Qxh5+ 46. Kg2 Qd1 47. d6 Qd5+ 48. Rf3 c4 49. Kh2 Qe6 50. Qf4 b5 51. Qd4 1-0

[Event "Speed Chess Championship 2020"]
[Site "Online"]
[Date "2020.11.12"]
[Round "1.13"]
[White "Nakamura, Hikaru"]
[Black "Martirosyan, Haik M."]
[Result "1/2-1/2"]
[ECO "D37"]
[WhiteElo "2736"]
[BlackElo "2622"]
[Annotator "RC"]
[PlyCount "118"]
[EventDate "2020.10.31"]
[EventType "k.o."]
[SourceTitle "playchess.com"]
[Source "ChessBase"]
[SourceQuality "1"]
[TimeControl "180+1"]

1. Nf3 Nf6 2. d4 e6 3. c4 d5 4. Nc3 Be7 5. Bf4 O-O 6. e3 Nbd7 7. Be2 dxc4 8. O-O a6 9. a4 c5 10. Bxc4 cxd4 11. exd4 Nb6 12. Bd3 Nbd5 13. Bg5 b6 14. Nxd5 Nxd5 15. Bxe7 Qxe7 16. Be4 Bb7 17. Qb3 a5 18. Ne5 Rac8 19. Rac1 Rxc1 20. Rxc1 Nf4 21. Qe3 Bxe4 22. Qxe4 Nd5 23. Rc4 g6 24. g3 Qb7 25. Ng4 Qd7 26. Ne5 Qb7 27. Ng4 Qd7 28. Qe5 f6 29. Qe2 Rd8 30. b3 Kg7 31. h4 h5 32. Ne3 Ne7 33. Ng2 Nf5 34. Nf4 Kf7 35. Qe4 Ne7 36. Rc1 Rc8 37. Re1 Rc6 38. Re3 Rd6 39. Re1 Nf5 40. Qc2 Qc6 41. Qd3 Rxd4 42. Qa6 e5 43. Ng2 Rd7 44. Qc4+ Qxc4 45. bxc4 Nd4 46. Rb1 Rd6 47. Ne3 Ne6 48. Nd5 Nc5 49. Nxb6 Rd2 50. Nd5 f5 51. Rb5 Nd3 52. Rxa5 Rxf2 53. Ra7+ Kf8 54. Nf6 Ra2 55. Rd7 e4 56. Nh7+ Ke8 57. Nf6+ Kf8 58. Nh7+ Ke8 59. Nf6+ Kf8 1/2-1/2

[Event "Speed Chess Championship 2020"]
[Site "Online"]
[Date "2020.11.16"]
[Round "1.14"]
[White "Giri, Anish"]
[Black "Artemiev, Vladislav"]
[Result "1-0"]
[ECO "C42"]
[WhiteElo "2764"]
[BlackElo "2708"]
[Annotator "ChessBase"]
[PlyCount "57"]
[EventDate "2020.10.31"]
[EventType "k.o."]
[EventCountry "NET"]
[SourceTitle "playchess.com"]
[Source "ChessBase"]
[SourceQuality "1"]
[TimeControl "180+1"]

1. e4 e5 2. Nf3 Nf6 3. Nxe5 d6 4. Nf3 Nxe4 5. d4 Be7 6. Bd3 Nf6 7. O-O O-O 8. h3 b6 9. c4 Bb7 10. Nc3 d5 11. Bf4 Nbd7 12. Re1 Bd6 13. Bg5 h6 14. Bh4 dxc4 15. Bxc4 a6 16. a4 c5 17. dxc5 Bxc5 18. Bd5 Bxd5 19. Nxd5 g5 20. Nxg5 Nxd5 21. Qxd5 hxg5 22. Bxg5 Qc7 23. Bh6 Qd6 24. Qxd6 Bxd6 25. Rad1 Bc5 26. Rxd7 Rfe8 27. Rxe8+ Rxe8 28. Kf1 Re6 29. Bd2 1-0

[Event "Speed Chess Championship 2020"]
[Site "Online"]
[Date "2020.11.08"]
[Round "1.15"]
[White "So, Wesley"]
[Black "Abdusattorov, Nodirbek"]
[Result "1-0"]
[ECO "B15"]
[WhiteElo "2816"]
[BlackElo "2662"]
[Annotator "ChessBase"]
[PlyCount "59"]
[EventDate "2020.10.31"]
[EventType "k.o."]
[SourceTitle "playchess.com"]
[Source "ChessBase"]
[SourceQuality "1"]
[TimeControl "180+1"]

1. e4 c6 2. d4 d5 3. Nc3 dxe4 4. Nxe4 Nf6 5. Nxf6+ exf6 6. c3 Bd6 7. Bd3 O-O 8. Ne2 Re8 9. Qc2 h5 10. Be3 Nd7 11. O-O-O Nf8 12. h3 Be6 13. Kb1 a5 14. Nf4 Bxf4 15. Bxf4 b5 16. g4 Qd5 17. c4 bxc4 18. Be4 Qb5 19. a4 Qb6 20. gxh5 Rad8 21. Rhg1 Bd5 22. Bxd5 Rxd5 23. Bh6 Ne6 24. Bxg7 Nxg7 25. h6 Rg5 26. h4 Rxg1 27. Rxg1 Kh8 28. Rxg7 Re1+ 29. Ka2 f5 30. Qxc4 1-0

[Event "Speed Chess Championship 2020"]
[Site "Online"]
[Date "2020.11.04"]
[Round "1.15"]
[White "Firouzja, Alireza"]
[Black "Fedoseev, Vladimir"]
[Result "1-0"]
[ECO "A11"]
[WhiteElo "2749"]
[BlackElo "2676"]
[Annotator "ChessBase"]
[PlyCount "155"]
[EventDate "2020.10.31"]
[EventType "k.o."]
[SourceTitle "playchess.com"]
[Source "ChessBase"]
[SourceQuality "1"]
[TimeControl "180+1"]

1. Nf3 d5 2. g3 c6 3. Bg2 Bf5 4. O-O e6 5. d3 Nf6 6. c4 dxc4 7. dxc4 Qxd1 8. Rxd1 Nbd7 9. Nc3 e5 10. b3 Bb4 11. Bb2 O-O 12. Nh4 Be6 13. Ne4 Nxe4 14. Bxe4 g6 15. Nf3 f6 16. Kg2 a5 17. Rac1 Be7 18. Bc3 a4 19. b4 Nb6 20. c5 Nd5 21. a3 Rfd8 22. Bb2 Bf8 23. Bc2 Bh6 24. e3 Kf7 25. Re1 Nc7 26. Rcd1 Bd5 27. g4 Nb5 28. Kg3 Bg7 29. e4 Be6 30. Rxd8 Rxd8 31. Rd1 Ra8 32. g5 Ke7 33. h4 f5 34. Re1 f4+ 35. Kg2 Bb3 36. Bd3 Ke6 37. Re2 Rd8 38. Rd2 Rd7 39. Kg1 Nc7 40. Bf1 Rxd2 41. Nxd2 Ba2 42. Bh3+ Ke7 43. Nf3 Nb5 44. Bf1 Nd4 45. Nxd4 exd4 46. Bd3 f3 47. Kf1 Be5 48. Bc1 Bb3 49. Ke1 Ke6 50. Bd2 Bh2 51. Kf1 Ke5 52. Bc1 Bf4 53. Bxf4+ Kxf4 54. Ke1 Kg4 55. e5 Kxh4 56. b5 Kxg5 57. b6 Be6 58. Be4 Bc8 59. Bxf3 Kf4 60. Bxc6 Kxe5 61. Bxa4 d3 62. c6 Kd4 63. Kd2 Kc5 64. cxb7 Bxb7 65. Kxd3 Kxb6 66. Ke3 Kc7 67. Bc2 Kd6 68. Kf4 Ke6 69. Kg5 Kf7 70. Kh6 Kg8 71. Bb3+ Kh8 72. a4 Ba6 73. a5 Bb5 74. Bd5 Ba6 75. f4 g5 76. fxg5 Bc4 77. Be4 Ba6 78. Bxh7 1-0

[Event "Speed Chess Championship 2020"]
[Site "Online"]
[Date "2020.11.12"]
[Round "1.15"]
[White "Nakamura, Hikaru"]
[Black "Martirosyan, Haik M."]
[Result "1-0"]
[ECO "D37"]
[WhiteElo "2736"]
[BlackElo "2622"]
[Annotator "ChessBase"]
[PlyCount "105"]
[EventDate "2020.10.31"]
[EventType "k.o."]
[SourceTitle "playchess.com"]
[Source "ChessBase"]
[SourceQuality "1"]
[TimeControl "180+1"]

1. d4 Nf6 2. Nf3 e6 3. c4 d5 4. Nc3 Be7 5. Bf4 O-O 6. e3 Nbd7 7. Be2 dxc4 8. O-O a6 9. a4 c5 10. d5 exd5 11. Nxd5 Nxd5 12. Qxd5 Nf6 13. Qxd8 Rxd8 14. Bxc4 Nd5 15. Rfd1 Be6 16. Bg3 Bf6 17. Be5 Bxe5 18. Nxe5 Kf8 19. a5 Ke7 20. Rac1 Rac8 21. h4 f6 22. Nd3 Rc7 23. Kf1 Rdc8 24. Ke2 Nb4 25. Nf4 Bxc4+ 26. Rxc4 f5 27. g4 fxg4 28. Rg1 Kf7 29. Rxg4 h6 30. Nh5 Kg8 31. Nf6+ Kh8 32. Ne4 Nd5 33. Rg6 Re7 34. Ng3 Kh7 35. Rd6 Nf6 36. Rb6 Nd5 37. Rd6 Nf6 38. b3 Rf7 39. h5 Rfc7 40. Re6 Rc6 41. Rxc6 Rxc6 42. e4 b5 43. axb6 Rxb6 44. Rxc5 Rxb3 45. Rc7 Rb5 46. Ra7 Nxh5 47. Nf5 Kh8 48. Rxa6 Re5 49. Ke3 Re8 50. Nxh6 Nf6 51. Nf7+ Kh7 52. Nd6 Kg6 53. Nxe8 1-0

[Event "Speed Chess Championship 2020"]
[Site "Online"]
[Date "2020.11.08"]
[Round "1.16"]
[White "Abdusattorov, Nodirbek"]
[Black "So, Wesley"]
[Result "0-1"]
[ECO "C67"]
[WhiteElo "2662"]
[BlackElo "2816"]
[Annotator "ChessBase"]
[PlyCount "102"]
[EventDate "2020.10.31"]
[EventType "k.o."]
[SourceTitle "playchess.com"]
[Source "ChessBase"]
[SourceQuality "1"]
[TimeControl "180+1"]

1. e4 e5 2. Nf3 Nc6 3. Bb5 Nf6 4. O-O Nxe4 5. d4 Nd6 6. dxe5 Nxb5 7. a4 Nbd4 8. Nxd4 Nxd4 9. Qxd4 d5 10. exd6 Qxd6 11. Qe3+ Be6 12. Nc3 Qc6 13. Nb5 Bc5 14. Qg3 O-O-O 15. Be3 a6 16. Bxc5 Qxc5 17. Nc3 h5 18. Rad1 g6 19. h4 Bf5 20. Qf4 b6 21. Ne4 Rd4 22. Rfe1 Rhd8 23. Rxd4 Qxd4 24. Kh2 Kb8 25. c3 Qxa4 26. Qg5 Re8 27. f3 Bxe4 28. fxe4 Qc6 29. e5 Kb7 30. Qf4 Qd5 31. Re2 a5 32. c4 Qe6 33. Qf3+ Ka7 34. g3 Re7 35. Qf4 Qg4 36. Qxg4 hxg4 37. Re4 Ka6 38. Kg2 a4 39. c5 b5 40. Kf2 Ka5 41. Ke3 b4 42. Kd3 Kb5 43. Rxg4 Rxe5 44. Rf4 f5 45. g4 fxg4 46. Rxg4 Rd5+ 47. Ke4 Rxc5 48. Rxg6 Rc2 49. h5 Rxb2 50. h6 Rh2 51. Kd3 a3 0-1

[Event "Speed Chess Championship 2020"]
[Site "Online"]
[Date "2020.11.04"]
[Round "1.18"]
[White "Fedoseev, Vladimir"]
[Black "Firouzja, Alireza"]
[Result "1-0"]
[ECO "C01"]
[WhiteElo "2676"]
[BlackElo "2749"]
[Annotator "RC"]
[PlyCount "169"]
[EventDate "2020.10.31"]
[EventType "k.o."]
[SourceTitle "playchess.com"]
[Source "ChessBase"]
[SourceQuality "1"]
[TimeControl "60+1"]

1. e4 e6 2. d4 d5 3. exd5 exd5 4. Bd3 Nf6 5. Nf3 Bd6 6. O-O O-O 7. Re1 c6 8. c3 Bg4 9. Bg5 Nbd7 10. Nbd2 Qc7 11. Qc2 Bh5 12. h3 Bg6 13. Nh4 Bxd3 14. Qxd3 Rfe8 15. Nf5 Bf8 16. Qf3 Rxe1+ 17. Rxe1 Re8 18. Rxe8 Nxe8 19. Qe3 Ndf6 20. Bf4 Qd7 21. g4 Nc7 22. Be5 Nfe8 23. Nf3 Ne6 24. Bh2 f6 25. Nd2 g6 26. Nh4 Bd6 27. Bxd6 Qxd6 28. Ng2 N8g7 29. f4 Kf7 30. Nf3 Nf8 31. Kf2 Nd7 32. h4 h5 33. g5 Nf5 34. Qd2 Qe7 35. Qe2 Qxe2+ 36. Kxe2 Nb6 37. b3 Nc8 38. Nd2 Ncd6 39. Kd3 Ke6 40. c4 Ne8 41. cxd5+ cxd5 42. Nf3 Ned6 43. Nd2 Ng3 44. Nf3 Ngf5 45. gxf6 Kxf6 46. Ne5 Ne4 47. Nd7+ Ke7 48. Ne5 Kf6 49. Nd7+ Kf7 50. Ne5+ Kg7 51. Nf3 Ned6 52. Ne5 b6 53. Nc6 a5 54. Ne5 Kf6 55. Nd7+ Ke6 56. Nxb6 Nb5 57. Na4 Nbxd4 58. Nc5+ Ke7 59. a3 Nc6 60. Kc3 Kd6 61. Nd3 Nfd4 62. b4 a4 63. Kb2 Ne6 64. Ne3 Ncd4 65. Kc3 Ne2+ 66. Kd2 N2xf4 67. Ne1 Ke5 68. Nd1 Kd4 69. Nc3 Kc4 70. Nxa4 Kb3 71. Nc5+ Kxa3 72. Ned3 Nxd3 73. Nxe6 Nxb4 74. Nf4 Nc6 75. Nxg6 Ne5 76. Nxe5 Kb4 77. Kd3 Kc5 78. Nf3 Kd6 79. Ke3 Ke6 80. Kf4 Kf6 81. Nd4 Kg6 82. Ke5 Kg7 83. Kxd5 Kf6 84. Ke4 Kg6 85. Ke5 1-0

[Event "Speed Chess Championship 2020"]
[Site "Online"]
[Date "2020.11.08"]
[Round "1.18"]
[White "Abdusattorov, Nodirbek"]
[Black "So, Wesley"]
[Result "1/2-1/2"]
[ECO "C48"]
[WhiteElo "2662"]
[BlackElo "2816"]
[Annotator "ChessBase"]
[PlyCount "74"]
[EventDate "2020.10.31"]
[EventType "k.o."]
[SourceTitle "playchess.com"]
[Source "ChessBase"]
[SourceQuality "1"]
[TimeControl "180+1"]

1. e4 e5 2. Nf3 Nc6 3. Nc3 Nf6 4. Bb5 Nd4 5. O-O c6 6. Bd3 Nxf3+ 7. Qxf3 d6 8. Be2 g6 9. d3 Nh5 10. g3 Ng7 11. Qg2 Ne6 12. f4 Nd4 13. Bd1 Be6 14. Ne2 Nxe2+ 15. Bxe2 Qd7 16. Qf2 Bh3 17. Re1 Bg7 18. Be3 O-O 19. d4 f5 20. dxe5 dxe5 21. Rad1 Qf7 22. b3 fxe4 23. fxe5 Qc7 24. Bc4+ Kh8 25. Qd2 Rad8 26. Qb4 b5 27. Rxd8 Rxd8 28. Bf1 Bxf1 29. Rxf1 Qxe5 30. Rf7 h5 31. Qe7 Rd1+ 32. Kg2 Qxe7 33. Rxe7 Re1 34. Kf2 Rh1 35. Kg2 Re1 36. Kf2 Rh1 37. Kg2 Re1 1/2-1/2